 Dungeon Crawl Stone Soup version 0.25-a0-1036-g6f112fb28d (webtiles) character file.

Game seed: 14377183579929323311, levelgen mode: deterministic

116 Maedhros the Sneak (level 5, -2/33 HPs)
             Began as an Octopode Artificer on May 13, 2020.
             Shot with an arrow by a centaur (9 damage)
             ... on level 5 of the Dungeon.
             The game lasted 00:03:01 (289 turns).

Maedhros the Sneak (Octopode Artificer)              Turns: 289, Time: 00:03:01

Health: -2/33      AC:  1    Str: 11    XL:     5   Next: 0%
Magic:  7/7        EV: 13    Int: 14    God:
Gold:   15         SH:  0    Dex: 13    Spells: 4/4 levels left

rFire    . . .     SeeInvis .   g - +0 rapier
rCold    . . .     Gourm    .   (no shield)
rNeg     . . .     Faith    .   (helmet restricted)
rPois    .         Spirit   .   (no amulet)
rElec    .         Reflect  .   (no ring)
rCorr    .         Harm     .   (no ring)
MR       .....                  (no ring)
Stlth    +++.......             (no ring)
HPRegen  0.11/turn              (no ring)
MPRegen  0.10/turn              (no ring)
                                (no ring)
                                (no ring)

@: no status effects
A: almost no armour, stealthy swim, amphibious, 8 rings, constrict 8, camouflage
1, gelatinous body 1
a: no special abilities


You were on level 5 of the Dungeon.
You were not hungry.

You visited 1 branch of the dungeon, and saw 4 of its levels.

You collected 15 gold pieces.

Inventory:

Hand Weapons
 g - a +0 rapier (weapon)
Wands
 b - a wand of flame (9)
 c - a wand of enslavement (7)
 d - a wand of random effects (13)
Scrolls
 a - a scroll of remove curse {unknown}
 e - a scroll of amnesia {unknown}
Comestibles
 f - a ration


   Skills:
 - Level 1.0 Fighting
 - Level 1.0 Short Blades
 - Level 2.0 Dodging
 - Level 4.0 Stealth
 + Level 3.5 Unarmed Combat
 - Level 3.2 Evocations


You had 4 spell levels left.
You didn't know any spells.
Your spell library was empty.

Dungeon Overview and Level Annotations

Branches:
Dungeon (5/15)
 Temple: D:4-7

Altars:

Portals:
Sewer: D:5

Annotations:
D:5 Ijyb, Sigmund


Innate Abilities, Weirdness & Mutations

You cannot wear most types of armour.
You are very stealthy in the water. (Stealth+)
You are amphibious.
You can wear up to eight rings at the same time.
You can use your tentacles to constrict eight enemies at once.
Your skin changes colour to match your surroundings (Stealth+).
Your rubbery body absorbs attacks. (AC +1, EV +1)


Message History

The ball python constricts your ball python.
Your ball python dies!
Evoke which item? (* to show all) (? for menu, Esc to quit)
Aiming: Throw Flame
Press: ? - help, Shift-Dir - straight line, f - worm
Aim: a worm (almost dead)
The puff of flame hits the worm!
You kill the worm!
You have reached level 5!
You feel clever.
You hear the slow rusting of a drain nearby.
Evoke which item? (* to show all) (? for menu, Esc to quit)
Aiming: Enslavement
Press: ? - help, Shift-Dir - straight line The ball python is charmed.
You swap places.
A centaur comes into view.
The centaur wields a +0 shortbow.
The centaur shoots an arrow.
The arrow hits you!
You die...

...............##.#
...............#.###
##.......c.............###
##.>......................##
#.......................#..### #
...................".###....# #.
#≈≈.≈≈##...................#.
#.##≈≈.≈≈##.....................
#.≈≈.....≈≈.....@.....###r.)..#.
#.≈≈.....≈≈...........# .....#
#≈≈≈..∩....%....S.....# .....#
#.≈≈.....≈≈.......)...# .....#
#.≈≈....w≈≈...........# .##..#
#≈##≈≈≈†≈##..........%# .# #.#
#.##≈≈≈≈≈##...........# .# .#
#.≈..................#..
##.###...............#.#


You could see a centaur and a friendly ball python (charmed).

Vanquished Creatures
  A bullfrog skeleton (D:4)
  A worker ant (D:5)
  A worm (D:5)
  A leopard gecko (D:4)
  An orc (D:4)
  A ball python (D:5)
  A giant cockroach (D:4)
  A rat (D:2)
8 creatures vanquished.

Vanquished Creatures (collateral kills)
  Eustachio (D:5)
  A leopard gecko (D:5)
2 creatures vanquished.

Vanquished Creatures (others)
  A ball python (D:5)
1 creature vanquished.

Grand Total: 11 creatures vanquished

Notes
Turn   | Place    | Note
-------+----------+-------------------------------------------
     0 | D:1      | Maedhros the Octopode Artificer began the quest for the
                  | Orb.
     0 | D:1      | Reached XP level 1. HP: 13/13 MP: 3/3
    26 | D:2      | You fall into a shaft and drop 2 floors!
    33 | D:4      | Reached skill level 2 in Stealth
    79 | D:4      | Noticed an orc wizard
   172 | D:4      | Reached skill level 4 in Stealth
   172 | D:4      | Reached skill level 1 in Unarmed Combat
   172 | D:4      | Reached XP level 2. HP: 9/18 MP: 4/4
   172 | D:4      | Reached XP level 3. HP: 12/23 MP: 5/5
   174 | D:4      | Noticed a wyvern
   186 | D:5      | Entered Level 5 of the Dungeon
   207 | D:5      | Found a glowing drain.
   250 | D:5      | Noticed Sigmund
   251 | D:5      | Noticed Eustachio
   267 | D:5      | Noticed Ijyb
   267 | D:5      | Killed Eustachio
   267 | D:5      | Reached XP level 4. HP: 9/28 MP: 6/6
   285 | D:5      | Reached XP level 5. HP: 7/33 MP: 7/7
   288 | D:5      | Noticed a centaur
   289 | D:5      | Shot with an arrow by a centaur

Illustrated notes

Levels and vault maps discovered:
D:1:      eino_arrival_water_star, layout_basic, serial_park_tiny_1
D:2:      layout_loops_ring, st_stairs_7, minmay_rat_hole
D:4:      layout_loops_ring, eino_small_chamber_without_monster, led_xom_imps,
          uniq_edmund, uniq_duvessa
D:5:      layout_basic, old_standard_altar, cheibrodos_sewer_entry_sluice,
          hangedman_decor_clover_reticule, uniq_eustachio, uniq_ijyb,
          uniq_menkaure, uniq_sigmund

Skill      XL: |  1  2  3 |
---------------+----------+-----
Stealth        | 4 |  4.0
Unarmed Combat | 1 3 |  3.5
Fighting       | |  1.0
Short Blades   | |  1.0
Dodging        | |  2.0
Evocations     | |  3.2

Action                   |  1- 3 |  4- 6 || total
-------------------------+-------+-------++-------
Melee: Short sword       |     7 |       ||     7
       Constrict         |     4 |       ||     4
       Tentacles         |     2 |       ||     2
       Rapier            |     3 |     1 ||     4
Evoke: Wand              |    13 |     3 ||    16
Armor: Skin              |     1 |       ||     1
Dodge: Dodged            |    10 |       ||    10

Table legend:
 A = Non-vault XP
 B = Vault XP
 C = Vault XP percentage of total XP
 D = Non-vault monster count
 E = Vault monster count
 F = Vault count percentage of total count
                 A         B        C        D         E       F
            +---------+---------+-------+---------+---------+-------
      Total |      70 |      96 |  57.8 |       7 |       3 |  30.0
            +---------+---------+-------+---------+---------+-------
        D:2 |       1 |       0 |   0.0 |       1 |       0 |   0.0
        D:4 |      48 |       0 |   0.0 |       4 |       0 |   0.0
        D:5 |      21 |      96 |  82.1 |       2 |       3 |  60.0
            +---------+---------+-------+---------+---------+-------
